 Dungeon Sprint DCSS version 0.30-a0-1114-gd936c97349 (webtiles) character file.

Game seed: 15169259145263546525

81 123456 the Trooper (level 4, -1/45 HPs)
             Began as a Minotaur Fighter on Apr 20, 2023.
             Succumbed to a scorpion's poison
             ... in the Dungeon (Sprint IX: "|||||||||||||||||||||||||||||").
             The game lasted 00:00:13 (76 turns).

123456 the Trooper (Minotaur Fighter)                 Turns: 76, Time: 00:00:14

Health: -1/45      AC:  7    Str: 23    XL:     4   Next: 19%
Magic:  3/3        EV: 10    Int:  5    God:
Gold:   0          SH:  4    Dex:  9    Spells: 3/3 levels left

rFire   . . .      SeeInvis .    a - +0 flail
rCold   . . .      Faith    .    c - +0 buckler
rNeg    . . .      Spirit   .    b - +0 scale mail
rPois   .          Reflect  .    (helmet restricted)
rElec   .          Rampage  .    (no cloak)
rCorr   .          NoTele   +    (no gloves)
Will    .....                    (no boots) Stlth
                                 (no amulet)
HPRegen 0.27/turn                (no ring)
MPRegen 0.08/turn                (no ring)

@: lethally poisoned (-1 -> -18)
A: horns 2, retaliatory headbutt
a: no special abilities


You were in the Dungeon.
You visited 1 branch

Inventory:

Hand Weapons
 a - a +0 flail (weapon)
Armour
 b - a +0 scale mail (worn)
 c - a +0 buckler (worn)
Scrolls
 j - a scroll of blinking
Potions
 d - a potion of might
 f - a potion of heal wounds
 g - a potion of haste
 h - 2 potions of magic
 i - a potion of berserk rage


   Skills:
 * Level 6.8 Fighting
 * Level 6.1 Maces & Flails
 + Level 5.3 Armour
 + Level 3.3 Dodging
 - Level 3.6 Shields


You had 3 spell levels left.
You didn't know any spells.
Your spell library was empty.

Dungeon Overview and Level Annotations

Branches:
Dungeon (1/1)

Altars:


Innate Abilities, Weirdness & Mutations

You have a pair of horns on your head.
You reflexively headbutt those who attack you in melee.


Message History

Your Armour skill increases to level 5!
Your Dodging skill gained 2 levels and is now at level 3!
You have reached level 3!
Your experience leads to an increase in your attributes!
Increase (S)trength, (I)ntelligence, or (D)exterity?
You feel stronger. x2
You have reached level 4!
You feel stronger.
You feel better. The adder barely misses you.
You closely miss the adder. Your headbutt misses the adder.
The adder is lightly wounded.
The adder misses you.
You closely miss the adder.
The adder is lightly wounded.
You block the adder's attack. The adder bites you but does no damage.
You sock the adder!
You kill the adder!
Your Maces & Flails skill increases to level 6!
You hit the scorpion but do no damage. You headbutt the scorpion!
The scorpion is heavily wounded.
The scorpion stings you.
You are poisoned.
The scorpion poisons you! You block the scorpion's attack.
You barely miss the scorpion.
The scorpion is heavily wounded.
* * * LOW HITPOINT WARNING * * *
You feel very sick.
The scorpion stings you but does no damage.
You hit the scorpion.
The scorpion is heavily wounded.
You feel sick. The scorpion misses you.
You closely miss the scorpion.
The scorpion is heavily wounded.
You feel sick. The scorpion barely misses you. The scorpion stings you.
* * * LOW HITPOINT WARNING * * *
You are more poisoned.
The scorpion poisons you!
You hit the scorpion. Your headbutt misses the scorpion.
The scorpion is severely wounded.
You die... ▓▓▓▓▓▓▓▓▓▓▓▓▓▓▓▓▓▓ +....ws@....)...<▓ ▓▓▓▓▓▓▓▓▓▓▓▓▓▓▓▓▓▓

You could see a worm and a scorpion.

Vanquished Creatures
  A scorpion (D)
  An adder (D)
  An ufetubus (D)
  An endoplasm (D)
  A hobgoblin (D)
  A jackal (D)
  A bat (D)
  A kobold (D)
8 creatures vanquished.

Notes
Turn   | Place    | Note
-------+----------+-------------------------------------------
     0 | D        | 123456 the Minotaur Fighter began the quest for the Orb.
     0 | D        | Reached XP level 1. HP: 19/19 MP: 0/0
    11 | D        | Reached skill level 1 in Dodging
    55 | D        | Noticed a scorpion
    55 | D        | Noticed a scorpion
    59 | D        | Reached XP level 2. HP: 28/28 MP: 1/1
    67 | D        | Killed a scorpion
    68 | D        | Reached skill level 5 in Maces & Flails
    68 | D        | Reached skill level 5 in Armour
    68 | D        | Reached XP level 3. HP: 4/38 MP: 2/2
    68 | D        | Reached XP level 4. HP: 5/45 MP: 3/3
    75 | D        | HP: 2/45 [scorpion (5)]
    76 | D        | Succumbed to a scorpion's poison

Illustrated notes

Levels and vault maps discovered:
D:        linesprint [early_d, line_temple, items_1, d_10, items_2, lair_1,
          lair_end, items_3, orc_1, orc_end, items_4, d_15, swamp_1, shoals_1,
          snake_1, spider_1, d_20, vaults_1, items_5, swamp_end, shoals_end,
          snake_end, spider_end, vaults_end, d_27, items_6, zot_1, zot_end,
          crypt_end, forest_end, elf_end, slime_end, tomb_end, abyss_end,
          pan_hell_end]

Skill      XL: |  1  2  3  4 |
---------------+-------------+-----
Fighting       | 4 6 |  6.8
Maces & Flails | 3 5 6 |  6.1
Dodging        | 1 3 |  3.3
Armour         | 4 5 |  5.3
Shields        | |  3.6

Action                     |  1- 3 |  4- 6 || total
---------------------------+-------+-------++-------
  Melee: Flail             |    22 |     8 ||    30
         Headbutt          |     6 |     1 ||     7
    Use: Potion            |       |     1 ||     1
 Armour: Scale mail        |     6 |     2 ||     8
  Dodge: Dodged            |    13 |     4 ||    17
  Block: Buckler           |     5 |     2 ||     7

Table legend: (Time is in decaauts)
 A = Elapsed time spent in this place.
 B = Non-inter-level travel time spent in this place.
 C = Inter-level travel time spent in this place.
 D = Time resting spent in this place.
 E = Time spent auto-exploring this place.
 F = Levels seen in this place.
 G = Mean time per level.
                   A        B        C        D        E       F      G
               +--------+--------+--------+--------+--------+-----+--------+
         Total |     82 |     82 |      0 |      0 |     44 |   1 |   82.0 |
       Dungeon |     82 |     82 |      0 |      0 |     44 |   1 |   82.0 |
               +--------+--------+--------+--------+--------+-----+--------+

Top non-repeatable levels by time:
       D: 82 daAuts
